 Dungeon Crawl Stone Soup version 0.30-a0-305-g026cb31310 (webtiles) character file.

Game seed: 14385696886891956616

447 koil the Sneak (level 6, -2/32 HPs)
             Began as a Spriggan Brigand on Oct 23, 2022.
             Shot with an arrow by a centaur (9 damage)
             ... on level 4 of the Dungeon.
             The game lasted 00:10:09 (3395 turns).

koil the Sneak (Spriggan Brigand)                   Turns: 3395, Time: 00:10:10

Health: -2/32      AC:  3    Str:  7    XL:     6   Next: 73%
Magic:  11/11      EV: 18    Int: 14    God:
Gold:   132        SH:  0    Dex: 17    Spells: 8/11 levels left

rFire   . . .      SeeInvis +    a - +2 dagger
rCold   . . .      Faith    .    (no shield)
rNeg    . . .      Spirit   .    b - +0 robe
rPois   .          Reflect  .    (helmet restricted)
rElec   .          Harm     .    c - +0 cloak
rCorr   .          Rampage  .    (gloves unavailable)
Will    +....                    (boots unavailable)
Stlth   ++++......               (no amulet)
HPRegen 0.25/turn                (no ring)
MPRegen 0.12/turn                (no ring)

@: very quick
A: very small, no large weapons, unfitting armour, see invisible, speed 3
a: no special abilities


You were on level 4 of the Dungeon.
You visited 1 branch of the dungeon, and saw 4 of its levels.

You collected 132 gold pieces.

Inventory:

Hand Weapons
 a - a +2 dagger (weapon)
Missiles
 d - 2 poisoned darts (quivered)
 e - a curare-tipped dart
 w - 2 throwing nets
Armour
 b - a +0 robe (worn)
 c - a +0 cloak (worn)
Scrolls
 f - 4 scrolls of identify
 g - 3 scrolls of amnesia
 h - 2 scrolls of poison {unknown}
 i - a scroll of enchant armour {unknown}
 j - 2 scrolls of noise {unknown}
 o - a scroll of blinking {unknown}
 p - 2 scrolls of fog {unknown}
 u - a scroll of teleportation {unknown}
 v - a scroll of magic mapping {unknown}
 x - a scroll of silence {unknown}
Potions
 k - a potion of heal wounds {unknown}
 l - a potion of haste {unknown}
 m - 2 potions of cancellation {unknown}
 q - a potion of mutation {unknown}
 r - a potion of magic {unknown}
 s - 2 potions of might {unknown}
 t - a potion of ambrosia {unknown}
 z - a potion of brilliance {unknown}


   Skills:
 + Level 2.8 Fighting
 + Level 3.7 Short Blades
 - Level 2.0 Throwing
 + Level 3.9 Dodging
 + Level 7.4 Stealth
 + Level 3.2 Spellcasting
 * Level 2.8 Hexes


You had 8 spell levels left.
You knew the following spells:

 Your Spells              Type           Power      Damage    Failure   Level
a - Confusing Touch       Hex            10%        N/A       21%         3

Your spell library contained the following spells:

 Spells                   Type           Power      Damage    Failure   Level
 Apportation              Tloc           4%         N/A       22%         1
 Kiss of Death            Conj/Necr      8%         2d6       22%         1
 Dispel Undead            Necr           2%         3d7       91%         4
 Alistair's Intoxication  Tmut/Pois      1%         N/A       99%         5


Dungeon Overview and Level Annotations

Branches:
Dungeon (4/15)
 Temple: D:4-7

Altars:

Shops:
D:4 (

Annotations:
D:4 idiolect's ghost, novice GrFE


Innate Abilities, Weirdness & Mutations

You are very small and have problems with some larger weapons.
You are too small for most types of armour.
You have supernaturally acute eyesight. (SInv)
You cover ground extremely quickly. (Speed+++)


Message History

Aim: a centaur, wielding a +0 shortbow (72% to hit)
You throw a poisoned dart. The poisoned dart hits the centaur.
The centaur is poisoned.
The centaur shoots an arrow.
The arrow hits you!
The centaur unwields a +0 shortbow.
The centaur wields a +0 falchion.
The centaur closely misses you. x2
You see here 2 poisoned darts.
Throw: 4 darts (poison)
Press: ? - help, Q - select action, (/) - cycle Shift-Dir - straight line, f/p - centaur
Aim: a centaur, wielding a +0 falchion (poisoned, 72% to hit)
You throw a poisoned dart.
The poisoned dart closely misses the centaur.
The poisoned dart hits idiolect's ghost.
The centaur hits you with a +0 falchion.
The centaur completely misses you.
Unknown command.
Throw: 3 darts (poison)
Press: ? - help, Q - select action, (/) - cycle Shift-Dir - straight line, f/p - centaur
Aim: a centaur, wielding a +0 falchion (lightly wounded, poisoned, 72% to hit)
You throw a poisoned dart. The poisoned dart hits the centaur.
The centaur looks even sicker.
The centaur is lightly wounded.
The centaur hits you with a +0 falchion!
* * * LOW HITPOINT WARNING * * *
The centaur misses you.
The centaur hits you with a +0 falchion.
* * * LOW HITPOINT WARNING * * *
The centaur closely misses you.
You feel better. The centaur completely misses you. x2
The centaur unwields a +0 falchion.
The centaur wields a +0 shortbow.
The centaur shoots an arrow.
The arrow misses you.
As you read the scroll labelled NIGYOMMISAABB, it crumbles to dust.
It is a scroll of identify.
g - 3 scrolls of amnesia The centaur shoots an arrow.
The arrow closely misses you.
The centaur shoots an arrow.
The arrow misses you.
The centaur shoots an arrow.
The arrow hits you.
* * * LOW HITPOINT WARNING * * *
The centaur shoots an arrow.
The arrow hits you!
You die...

#.# #.###)) #.# #.# #..
#.# #.###.. #.#
#.##.รท# #.# ###
#...cW. #.#
#.#####.(..K. #.#
#.(cWoK...###
#.#########c######..#.W
#.....@.....# #..#..
##################..#..
#...........#..
#.########..#..
#.#.........#..
#.#.#.####..#.. #.###.#
#...### #####
######.....###......
#<..#
#.......###.........


You could see a centaur (poisoned).

Vanquished Creatures
  A phantom (D:4)
  A necrophage (D:4)
  Jessica (D:2)
  An iguana (D:4)
  Terence (D:3)
  An orc wizard (D:3)
  3 gnolls (D:3)
  6 adders
  4 worms (D:2)
  5 dart slugs
  7 orcs
  8 ball pythons
  9 endoplasms
  7 giant cockroaches
  6 goblins
  10 hobgoblins
  2 jackals (D:4)
  8 kobolds
  A quokka (D:2)
  4 bats
  15 frilled lizards
  7 rats
108 creatures vanquished.

Notes
Turn   | Place    | Note
-------+----------+-------------------------------------------
     0 | D:1      | koil the Spriggan Brigand began the quest for the Orb.
     0 | D:1      | Reached XP level 1. HP: 10/10 MP: 2/2
    66 | D:1      | Reached skill level 6 in Stealth
    72 | D:1      | Reached XP level 2. HP: 15/15 MP: 3/3
   196 | D:1      | Reached skill level 1 in Spellcasting
   247 | D:1      | Found a faded altar of an unknown god.
   262 | D:1      | You fall into a shaft and drop 1 floor!
   287 | D:2      | Reached XP level 3. HP: 17/18 MP: 5/5
   842 | D:2      | Learned a level 3 spell: Confusing Touch
   882 | D:2      | Noticed Jessica
   904 | D:2      | Killed Jessica
   905 | D:2      | Reached XP level 4. HP: 13/23 MP: 6/8
  1700 | D:3      | Reached skill level 1 in Hexes
  1784 | D:3      | Noticed Terence
  1812 | D:3      | Killed Terence
  1813 | D:3      | Reached XP level 5. HP: 20/26 MP: 9/9
  2576 | D:4      | Reached skill level 7 in Stealth
  2724 | D:4      | Reached XP level 6. HP: 32/32 MP: 11/11
  2754 | D:4      | Found Laeleis's Weapon Boutique.
  2851 | D:4      | Found a runed translucent gate.
  2851 | D:4      | Found a runed translucent gate.
  2852 | D:4      | Found a runed translucent gate.
  2853 | D:4      | Noticed idiolect's ghost (novice GrFE)
  3395 | D:4      | Shot with an arrow by a centaur

Illustrated notes

Levels and vault maps discovered:
D:1:      dpeg_arrival_erosion, layout_rooms, serial_rivers,
          chequers_serial_rivers_large_a, chequers_serial_rivers_room_b,
          chequers_serial_rivers_room_b, chequers_serial_rivers_marsh,
          ebering_ecumenical_altar_box, minmay_lizard_pond
D:2:      layout_basic, st_stairs_11, minmay_misc_feat_ornament,
          grunt_decor_arrowhead, uniq_jessica
D:3:      layout_loops_ring, minmay_misc_feat_tower, uniq_terence
D:4:      layout_basic, gammafunk_ghost_split, serial_shops,
          nicolae_take_the_stairs

Skill      XL: |  1  2  3  4  5 |
---------------+----------------+-----
Stealth        | 6 7 |  7.4
Dodging        | 2 3 |  3.9
Spellcasting   | 1 2 3 |  3.2
Fighting       | 2 |  2.8
Short Blades   | 3 |  3.7
Hexes          | 1 2 |  2.8
Throwing       | |  2.0

Action                   |  1- 3 |  4- 6 || total
-------------------------+-------+-------++-------
Melee: Dagger            |   123 |   193 ||   316
       Punch             |     4 |     2 ||     6
Throw: Dart              |       |    46 ||    46
  Use: Scroll            |       |     1 ||     1
       Potion            |       |     1 ||     1
 Stab: Sleeping          |    11 |    19 ||    30
       Distracted        |       |     2 ||     2
Armor: Robe              |    10 |    14 ||    24
Dodge: Dodged            |    68 |   116 ||   184

Table legend: (Time is in decaauts)
 A = Elapsed time spent in this place.
 B = Non-inter-level travel time spent in this place.
 C = Inter-level travel time spent in this place.
 D = Time resting spent in this place.
 E = Time spent auto-exploring this place.
 F = Levels seen in this place.
 G = Mean time per level.
                   A        B        C        D        E       F      G
               +--------+--------+--------+--------+--------+-----+--------+
         Total |   2366 |   2315 |     51 |      0 |   1599 |   4 |  591.5 |
       Dungeon |   2366 |   2315 |     51 |      0 |   1599 |   4 |  591.5 |
               +--------+--------+--------+--------+--------+-----+--------+

Top non-repeatable levels by time:
     D:3: 717 daAuts
     D:2: 659 daAuts
     D:4: 546 daAuts
     D:1: 443 daAuts
